 Dungeon Crawl Stone Soup version 0.27.1-4-g1640c2035a (webtiles) character file.

Game seed: 4659364622736444274

33 Stomo444 the Gusty (level 3, -1/16 HPs)
             Began as a Vine Stalker Air Elementalist on Nov 12, 2021.
             Slain by an adder (3 damage)
             ... on level 1 of the Dungeon.
             The game lasted 00:02:28 (1184 turns).

Stomo444 the Gusty (Vine Stalker Air Elementalist)  Turns: 1184, Time: 00:02:29

Health: -1/16      AC:  2    Str:  9 (11) XL:     3   Next: 29%
Magic:  0/8        EV: 16    Int: 13 (15) God:
Gold:   39         SH:  0    Dex: 11 (14) Spells: 4/7 levels left

rFire    . . .     SeeInvis .   (no weapon)
rCold    . . .     Faith    .   (no shield)
rNeg     . . .     Spirit   +   a - +0 robe
rPois    .         Reflect  .   (no helmet)
rElec    .         Harm     .   (no cloak)
rCorr    .         Rampage  .   (no gloves)
Will     .....                  (no boots)
Stlth    ++........             (no amulet)
HPRegen  0.05/turn              c - +4 ring of evasion
MPRegen  0.11/turn              (no ring)

@: flying
A: fangs 2, magic shield, antimagic bite, no potion heal 2
a: no special abilities


You were on level 1 of the Dungeon.
You visited 1 branch of the dungeon, and saw 2 of its levels.

You collected 39 gold pieces.

Inventory:

Armour
 a - a +0 robe (worn)
Jewellery
 c - a +4 ring of evasion (left hand)


   Skills:
 - Level 1.5 Dodging
 - Level 2.4 Stealth
 + Level 2.8 Spellcasting
 + Level 1.9 Conjurations
 + Level 3.4 Air Magic


You had 4 spell levels left.
You knew the following spells:

 Your Spells              Type           Power      Damage    Failure   Level
a - Shock                 Conj/Air       32%        1d5       8%          1
b - Static Discharge      Conj/Air       8%         N/A       12%         2

Your spell library contained the following spells:

 Spells                   Type           Power      Damage    Failure   Level
 Swiftness                Air            10%        N/A       17%         3
 Airstrike                Air            5%         N/A       50%         4


Dungeon Overview and Level Annotations

Branches:
Dungeon (2/15)

Altars:

Annotations:
D:2 Robin


Innate Abilities, Weirdness & Mutations

You have extremely sharp teeth.
When hurt, damage is shared between your health and your magic reserves.
Your bite disrupts and absorbs the magic of your enemies.
Potions cannot restore your health.


Message History

The hobgoblin is severely wounded.
There is a stone staircase leading up here.
Casting: Shock (safe; 7% risk of failure)
Confirm with . or Enter, or press ? or * to list all spells.
Aiming: Shock (safe; 7% risk of failure)
Press: ? - help, Shift-Dir - straight line The zap misses the adder. x2
The adder bites you.
You climb upwards.
Your magical contamination has completely faded away.
There is a stone staircase leading down here.
You hit the adder but do no damage. Your bite misses the adder.
The adder is lightly wounded.
The adder bites you. x2
* * * LOW HITPOINT WARNING * * *
You barely miss the adder. Your bite misses the adder.
The adder is lightly wounded.
The adder barely misses you.
It was a potion of degeneration.
There was something very wrong with that liquid.
You feel weakened.
You feel dopey.
You feel clumsy. The adder misses you.
It was a potion of flight.
You feel very buoyant.
You fly up into the air.
The adder barely misses you. x2
Casting: Shock (safe; 8% risk of failure)
Confirm with . or Enter, or press ? or * to list all spells.
Aiming: Shock (safe; 8% risk of failure)
Press: ? - help, Shift-Dir - straight line, f - adder
Aim: an adder (48% to hit)
The zap hits the adder.
The adder is moderately wounded.
The adder bites you.
* * * LOW HITPOINT WARNING * * *
You aren't carrying any potions.
Unknown command.
As you read the scroll labelled LAQUEM UR ABA, it crumbles to dust.
You feel momentarily disoriented.
It was a scroll of magic mapping.
The adder bites you.
You die...

#.# ##.###...# #.#
#.<. #.###
#..##...###'#######...
#...#
#..##...##........#...
###.#
#...#.............####
# #.#
#.....#...........#
#.#
#.#...####........#
#.#
#.#...............#
#.#
#.#.S.#############
#.# #.#.#@# ###†#
#.#.########## ....#
#.#.##.......# #####
#.#.##...8...#
#.#.##(.8.8..#
#.#.##.8._.8.####
#.#.##..8.8.....#
#.#......8......#
#.####..........#


You could see an adder.

Vanquished Creatures
  A dart slug (D:1)
  2 ball pythons (D:1)
  2 endoplasms
  8 goblins
  4 hobgoblins
  3 jackals (D:1)
  2 quokkas (D:1)
  2 bats (D:1)
  A rat (D:1)
25 creatures vanquished.

Notes
Turn   | Place    | Note
-------+----------+-------------------------------------------
     0 | D:1      | Stomo444 the Vine Stalker Air Elementalist began the quest
                  | for the Orb.
     0 | D:1      | Reached XP level 1. HP: 9/9 MP: 4/4
   254 | D:1      | Reached XP level 2. HP: 13/13 MP: 1/6
   437 | D:1      | Learned a level 2 spell: Static Discharge
  1004 | D:1      | Found a faded altar of an unknown god.
  1012 | D:1      | Reached XP level 3. HP: 11/16 MP: 0/8
  1164 | D:2      | Noticed Robin
  1184 | D:1      | Slain by an adder

Illustrated notes

Levels and vault maps discovered:
D:1:      scummos_arrival_gate, layout_basic,
          chequers_ecumenical_altar_simple_redux
D:2:      layout_loops_ring, patterned_corridor, uniq_robin, uniq_sigmund

Action                   || total
-------------------------++-------
Melee: Unarmed           ||     9
       Bite              ||     3
 Cast: Shock             ||    47
       Static Discharge  ||     2
  Use: Potion            ||     2
       Scroll            ||     1
Armor: Robe              ||     3
Dodge: Dodged            ||    13
